 Dungeon Crawl Stone Soup version 0.32-a0-473-gd044c6f0f0 (webtiles) character file.

Game seed: 3667143349314353309

477313 ragingrage the Lord of Darkness (level 23, 0/181 HPs)
             Began as a Mummy Hexslinger on Feb 25, 2024.
             Was the Champion of Kikubaaqudgha.
             Killed from afar by a storm dragon (43 damage)
             ... with a bolt of lightning
             ... on level 3 of the Depths.
             The game lasted 02:35:56 (77870 turns).

ragingrage the Lord of Darkness (Mummy Hexslinger) Turns: 77870, Time: 02:35:57

Health: 0/181      AC: 25    Str: 12    XL:     23   Next: 35%
Magic:  26/44      EV: 32    Int: 34    God:    Kikubaaqudgha [******]
Gold:   4171       SH:  7    Dex: 16    Spells: 15/56 levels left

rFire   + . .        B - +7 quick blade (distort)
rCold   + . .        I - +2 buckler {AC+3}
rNeg    + + +        G - +1 acid dragon scales "Yzidghisy" {^Contam rCorr Int+8}
rPois   ∞            i - +2 helmet {SInv}
rElec   .            e - +2 cloak {Will+}
rCorr   +            E - +2 pair of gloves
SInv    +            T - +2 pair of boots
Will    +++..        U - amulet "Siskanym" {Acrobat +Inv rF++ Regen+}
Stlth   +++          a - ring of the Mage {Wiz Archmagi}
HPRegen 1.30/turn    H - ring of Elyvilon's Regard {AC+4 Int+5}
MPRegen 0.29/turn

%: acrobat, faith, wizardry (x1), archmagi
@: death channelling, corroded, acrobatic
A: cold resistance 1, negative energy resistance 3, torment resistance 2, heat
vulnerability 1, in touch with death 2, no potions, faith
}: 3/15 runes: decaying, slimy, gossamer
a: Renounce Religion, Evoke Invisibility, Unearth Wretches, Torment


You were on level 3 of the Depths.
You worshipped Kikubaaqudgha.
Kikubaaqudgha was exalted by your worship.
You visited 9 branches of the dungeon, and saw 45 of its levels.
You visited 1 bazaar.
You also visited: Ice Cave.

You collected 8252 gold pieces.
You spent 4081 gold pieces at shops.

Inventory:

Hand Weapons
 B - a +7 quick blade of distortion (weapon)
Missiles
 r - 2 throwing nets
 t - 23 poisoned darts
 C - 3 curare-tipped darts
Armour
 e - a +2 cloak of willpower (worn)
 i - a +2 helmet of see invisible (worn)
 E - a +2 pair of gloves (worn)
 G - the +1 acid dragon scales "Yzidghisy" (worn) {^Contam rCorr Int+8}
   (You found it on level 3 of the Elven Halls)

   Int+8:     It affects your intelligence (+8).
   ^Contam:   It causes magical contamination when unequipped.
   rCorr:     It protects you from acid and corrosion.
 I - a +2 buckler of protection (worn)
 T - a +2 pair of boots (worn)
Jewellery
 a - the ring of the Mage (left hand) {Wiz Archmagi}
   (You bought it in a shop on level 1 of the Depths)

   [ring of wizardry]

   Wiz:       It improves your spell success rate.
   Archmagi:  It increases the power of your magical spells.
 b - a ring of wizardry
 k - the ring "Edwyt" {Fly MP+9 Dex+5 Stlth+}
   (You acquired it on level 8 of the Dungeon)

   [ring of flight]

   Dex+5:     It affects your dexterity (+5).
   MP+9:      It affects your magic capacity (+9).
   Fly:       It grants you flight.
   Stlth+:    It makes you more stealthy.
 v - the ring of Rumpaeh {rElec rC+ Str+8}
   (You found it on level 5 of the Pits of Slime)

   [ring of protection from cold]

   Str+8:     It affects your strength (+8).
   rC+:       It protects you from cold.
   rElec:     It insulates you from electricity.
 H - the ring of Elyvilon's Regard (right hand) {AC+4 Int+5}
   (You acquired it on level 4 of the Vaults)

   [ring of protection]

   AC+4:      It affects your AC (+4).
   Int+5:     It affects your intelligence (+5).
 Q - a ring of fire
 S - an amulet of magic regeneration
 U - the amulet "Siskanym" (around neck) {Acrobat +Inv rF++ Regen+}
   (You found it on level 2 of the Vaults)

   [amulet of the acrobat]

   Acrobat:   It increases your evasion while moving and waiting.
   rF++:      It greatly protects you from fire.
   +Inv:      It lets you turn invisible.
   Regen+:    It increases your rate of health regeneration.
Wands
 c - a wand of iceblast (31)
 j - a wand of quicksilver (34)
 u - a wand of paralysis (54)
 x - a wand of digging (15)
 A - a wand of flame (39)
 K - a wand of polymorph (19)
 R - a wand of mindburst (50)
Scrolls
 d - 14 scrolls of teleportation
 f - 3 scrolls of silence
 h - a scroll of summoning
 l - 4 scrolls of revelation
 m - 3 scrolls of enchant weapon
 n - 8 scrolls of vulnerability
 o - 5 scrolls of fear
 p - 9 scrolls of poison
 q - 3 scrolls of fog
 s - 7 scrolls of immolation
 w - 4 scrolls of amnesia
 z - 6 scrolls of torment
 D - 5 scrolls of blinking
 F - 5 scrolls of noise
 J - 4 scrolls of enchant armour
 N - 5 scrolls of brand weapon
Miscellaneous
 g - a phantom mirror (inert)
 M - a lightning rod (4/4)
 P - a condenser vane


   Skills:
 - Level 15.0 Fighting
 - Level 14.0 Short Blades
 - Level 3.0 Ranged Weapons
 - Level 7.2 Armour
 - Level 12.0 Dodging
 - Level 5.0 Stealth
 - Level 5.1 Shields
 - Level 17.0 Spellcasting
 - Level 11.0 Conjurations
 - Level 3.8 Hexes
 + Level 5.3 Summonings
 - Level 20.0 Necromancy
 - Level 2.0 Translocations
 - Level 0.8 Fire Magic
 - Level 13.0 Earth Magic
 + Level 9.2 Evocations


You had 15 spell levels left.
You knew the following spells:

 Your Spells              Type           Power      Damage    Failure   Level
a - Death Channel         Necr           90%        N/A       1%          6
b - Spellforged Servitor  Conj/Summ      45%        N/A       28%         7
d - Passwall              Erth           100%       N/A       1%          3
e - Infestation           Necr           90%        N/A       1%          8
f - Borgnjor's Vile Clut  Necr/Erth      84%        N/A       1%          5
g - Bombard               Conj/Erth      52%        9d9       1%          6
h - Animate Dead          Necr           100%       N/A       0%          4
i - Blink                 Tloc           100%       N/A       1%          2

Your spell library contained the following spells:

 Spells                   Type           Power      Damage    Failure   Level
 Kiss of Death            Conj/Necr      100%       2d13      0%          1
 Necrotise                Necr           100%       1d9       0%          1
 Sandblast                Erth           100%       2d20      0%          1
 Fugue of the Fallen      Necr           100%       N/A       0%          3
 Vampiric Draining        Necr           100%       2d13      0%          3
 Dispel Undead            Necr           100%       3d31      0%          4
 Curse of Agony           Necr           100%       N/A       0%          5
 Magic Dart               Conj           100%       1d8       1%          1
 Slow                     Hex            100%       N/A       1%          1
 Sting                    Conj/Alch      100%       1d9       1%          1
 Call Imp                 Summ           100%       N/A       1%          2
 Cigotuvi's Dreadful Rot  Necr/Alch/Air  100%       N/A       1%          2
 Jinxbite                 Hex            100%       N/A       1%          2
 Mercury Vapours          Alch/Air       86%        N/A       1%          2
 Momentum Strike          Conj/Tloc      100%       3d10      1%          2
 Scorch                   Fire           100%       2d9       1%          2
 Searing Ray              Conj           100%       2d8       1%          2
 Static Discharge         Conj/Air       100%       3-8/arc   1%          2
 Confusing Touch          Hex            70%        N/A       1%          3
 Dazzling Flash           Conj/Hex       100%       N/A       1%          3
 Gell's Gravitas          Tloc           59%        N/A       1%          3
 Inner Flame              Hex/Fire       61%        N/A       1%          3
 Mephitic Cloud           Conj/Alch/Air  69%        N/A       1%          3
 Sigil of Binding         Hex            70%        N/A       1%          3
 Stone Arrow              Conj/Erth      100%       3d13      1%          3
 Teleport Other           Tloc           59%        N/A       1%          3
 Tukima's Dance           Hex            70%        N/A       1%          3
 Volatile Blastmotes      Fire/Tloc      100%       2d18      1%          3
 Anguish                  Hex/Necr       76%        N/A       1%          4
 Brom's Barrelling Bould  Conj/Erth      100%       2d11      1%          4
 Cause Fear               Hex            35%        N/A       1%          4
 Flame Wave               Conj/Fire      81%        2d18      1%          4
 Fulminant Prism          Conj/Alch      39%        3d17      1%          4
 Iskenderun's Mystic Bla  Conj/Tloc      83%        2d16      1%          4
 Leda's Liquefaction      Alch/Erth      41%        N/A       1%          4
 Martyr's Knell           Necr/Summ      100%       N/A       1%          4
 Petrify                  Alch/Erth      83%        N/A       1%          4
 Iskenderun's Battlesphe  Conj           100%       2d15      1%          5
 Lee's Rapid Deconstruct  Erth           54%        3d25*     1%          5
 Summon Blazeheart Golem  Fire/Summ      66%        N/A       2%          4
 Frozen Ramparts          Ice            86%        1d13      3%          3
 Ozocubu's Armour         Ice            43%        N/A       3%          3
 Dimensional Bullseye     Hex/Tloc       32%        N/A       3%          4
 Passage of Golubria      Tloc           59%        N/A       4%          4
 Summon Mana Viper        Hex/Summ       74%        N/A       4%          5
 Haunt                    Necr/Summ      78%        N/A       4%          7
 Vhi's Electric Charge    Tloc/Air       100%       N/A       6%          4
 Summon Forest            Summ/Tloc      34%        N/A       6%          5
 Ignite Poison            Fire/Alch      47%        N/A       9%          4
 Sticky Flame             Fire/Alch      47%        2d9       9%          4
 Orb of Destruction       Conj           50%        9d13      9%          7
 Olgreb's Toxic Radiance  Alch           43%        N/A       10%         4
 Metabolic Englaciation   Hex/Ice        29%        N/A       12%         5
 Silence                  Hex/Air        29%        N/A       12%         5
 Yara's Violent Unravell  Hex/Alch       29%        3d12      12%         5
 Summon Cactus Giant      Summ           39%        N/A       16%         6
 Alistair's Intoxication  Alch           28%        N/A       26%         5
 Dispersal                Tloc           29%        N/A       52%         6
 Summon Hydra             Summ           39%        N/A       65%         7
 Eringya's Noxious Bog    Alch           21%        4d6       80%         6
 Sculpt Simulacrum        Ice/Alch       21%        N/A       80%         6
 Enfeeble                 Hex            35%        N/A       83%         7
 Shatter                  Erth           54%        3d41*     99%         9
 Ozocubu's Refrigeration  Ice            21%        4d12      100%        7
 Ignition                 Fire           25%        3d9       100%        8
 Polar Vortex             Ice            21%        12d2*     100%        9


Dungeon Overview and Level Annotations

Branches:
Dungeon (15/15)            Temple (0/1) D:4            Lair (5/5) D:10
  Swamp (4/4) Lair:3       Spider (4/4) Lair:3        Slime (5/5) Lair:5
    Orc (2/2) D:12            Elf (3/3) Orc:2        Vaults (4/5) D:14
  Crypt (0/3) Vaults:2     Depths (3/4) D:15          IceCv (visited)

Altars:
Ashenzari
Fedhas
Gozag
Kikubaaqudgha
Qazlal
Ru
Sif Muna
Wu Jian
Lugonu

Shops:
D:5 *   D:7 *   D:8 (   D:9 !(   Orc:2 [=!?   Elf:1 *   Elf:2 :   Vaults:1 ([(:
Depths:1 =:=   Depths:2 (?(

Portals:
Hell: Depths:1 Depths:2
Abyss: D:15 Depths:2
Pandemonium: Orc:2 Depths:2
Ziggurat: Depths:1
Trove: D:10 (give +5 demon trident)

Annotations:
D:3 exclusion: sky beast
D:15 2 transporters, Renyugh's ghost, journeyman MiFi
Lair:2 exclusion: oklob plant
Lair:3 1 runed translucent door
Lair:5 2 runed translucent doors
Swamp:1 3 runed translucent doors, Hufeaj's ghost, journeyman DsEE
Swamp:4 2 transporters, Omeuboge's ghost, journeyman FeDe
Orc:1 2 runed translucent doors, Haqetade's ghost, journeyman TrGl
Vaults:3 3 runed translucent doors, Kevimi's ghost, adept FeNe


Innate Abilities, Weirdness & Mutations

You are immune to poison.
Your flesh is cold resistant. (rC+)
You are immune to negative energy. (rN+++)
You are immune to unholy pain and torment.
You are vulnerable to heat. (rF-)
You are strongly in touch with the powers of death.
You do not drink.
You have a special connection with the divine. (Faith)


Message History

Your spectral storm dragon bites the caustic shrike but does no damage.
Your spectral storm dragon closely misses the caustic shrike. x2
The caustic shrike misses you.
The tentacled monstrosity tentacle-slaps your spectral golden dragon!
The tentacled monstrosity tentacle-slaps your spectral golden dragon but does no damage. x2
Unknown command.
Unknown command.
Unknown command.
Unknown command.
You hit the caustic shrike but do no damage.
You miss the caustic shrike.
The caustic shrike blinks!
Your spectral storm dragon barely misses the fire giant.
Your spectral storm dragon claws the fire giant.
Your spectral storm dragon tramples the fire giant!
The fire giant holds its ground!
Your spectral golden dragon bites the tentacled monstrosity!
Your spectral golden dragon claws the tentacled monstrosity!
Your spectral golden dragon barely misses the tentacled monstrosity.
The fire giant completely misses your spectral storm dragon.
Your spectral storm dragon bites the fire giant but does no damage.
Your spectral storm dragon claws the fire giant but does no damage.
Your spectral storm dragon tramples the fire giant.
The fire giant holds its ground!
The tentacled monstrosity tentacle-slaps your spectral golden dragon but does no damage.
The tentacled monstrosity tentacle-slaps your spectral golden dragon.
The tentacled monstrosity tentacle-slaps your spectral golden dragon but does no damage.
Your spectral golden dragon bites the caustic shrike!
Your spectral golden dragon claws the caustic shrike but does no damage.
Your spectral golden dragon tramples the caustic shrike!
The caustic shrike holds its ground!
Your spectral storm dragon bites the fire giant!
Your spectral storm dragon claws the fire giant.
Your spectral storm dragon drains the fire giant.
Your spectral storm dragon tramples the fire giant but does no damage.
Your surroundings suddenly seem different.
A storm dragon comes into view.
The storm dragon breathes lightning at you.
The bolt of lightning hits you!!!
You die...
Kikubaaqudgha rasps: You have failed me!
Welcome... oblivion!

.##$... .......
.....⌠. ......
#?D.. # #... .#
.###...###..#
........@...#
..........)$#
####...######
#..... ..#...
..###.###
###...'D## #####
#....#..##
####...###...X#...


You could see a storm dragon (catching breath).

Vanquished Creatures
  the Royal Jelly (Slime:5)
  A tentacled monstrosity (Vaults:3)
  A quicksilver dragon (Depths:2)
  Asterion (Spider:3)
  A sphinx (Depths:2)
  A titan (Depths:2)
  6 acid blobs
  2 storm dragons
  4 thorn hunters
  Agnes (D:15)
  4 tengu reavers
  Roxanne (Spider:3)
  5 rockslimes
  3 azure jellies (Slime:5)
  A deep elf sorcerer (Elf:3)
  3 fire giants
  2 emperor scorpions (Spider:4)
  9 vault wardens
  6 frost giants
  3 ghost moths
  An orc warlord (Vaults:4)
  3 ironbound preservers
  2 formless jellyfish
  A spriggan defender (Depths:3)
  5 quicksilver oozes
  A juggernaut skeleton (Depths:2)
  3 stone giants
  2 very ugly things (Vaults:3)
  5 ironbound thunderhulks
  A vampire knight (Depths:2)
  2 war gargoyles (Vaults:4)
  A white draconian (IceCv)
  4 eleionomae
  3 bunyips
  2 spark wasps
  4 ettins
  3 fire dragons
  A jiangshi (Depths:1)
  A deep elf high priest (D:12)
  2 entropy weavers (Spider:1)
  6 yaktaur captains
  Fannar (D:12)
  3 great orbs of eyes
  8 vault guards
  2 ice dragons
  23 hydras
  A rakshasa (Depths:2)
  4 spriggan air magi
  A hell beast (Depths:2)
  3 ghost crabs
  A radroach (Spider:1)
  2 jorogumos
  10 centaur warriors
  8 alligators
  4 two-headed ogres
  4 ironbound frosthearts
  2 catoblepae
  3 boulder beetles
  2 demonspawn (Orc:2)
  A merfolk avatar (Swamp:2)
  3 deep troll shamans
  7 dancing weapons
  2 deep troll earth magi (D:15)
  A death yak (Lair:4)
  2 vampire magi
  Urug (D:12)
  3 demonic crawlers
  4 hell knights
  An occultist (Depths:3)
  A spriggan berserker (Depths:2)
  2 soul eaters (Orc:2)
  6 orc high priests (Orc:2)
  6 spriggans
  A fire crab (Lair:5)
  A skyshark (Lair:5)
  4 deep elf knights
  2 iron trolls
  Nergalle (D:9)
  2 pharaoh ants
  4 goliath frogs
  A flayed ghost (D:12)
  3 bog bodies
  3 orb spiders
  4 deep elf archers
  4 spriggan druids
  7 swamp dragons
  An orange crystal statue (IceCv)
  4 arcanists
  A spriggan simulacrum (Spider:1)
  3 glowing orange brains
  5 ironbound convokers
  A steelbarb worm (Spider:1)
  2 harpies (Vaults:1)
  9 deep trolls
  3 lindwurms (Vaults:2)
  A lindwurm (shapeshifter) (Vaults:2)
  2 necromancers
  11 deep elf pyromancers
  9 orc sorcerers
  3 manticores
  12 orc knights
  2 shining eyes (Slime:5)
  An oklob plant (Lair:4)
  7 wolf spiders
  12 deep elf zephyrmancers
  3 will-o-the-wisps (Swamp:4)
  22 ugly things
  9 cyclopes
  11 elephants
  4 kobold blastminers
  11 vault sentinels
  A black mamba (shapeshifter) (D:15)
  2 meliai (shapeshifter)
  6 meliai
  4 black mambas (Lair:5)
  9 cane toads
  3 molten gargoyles (Lair:5)
  2 torpor snails
  An orange demon (Orc:2)
  4 gargoyles
  20 rime drakes
  An efreet (D:14)
  15 yaktaurs
  Maggie (D:8)
  3 kobold demonologists (D:14)
  15 komodo dragons
  A tengu conjurer (D:12)
  An anaconda simulacrum (Spider:1)
  A wind drake (shapeshifter) (D:12)
  5 trolls
  14 polar bears
  11 tarantellas
  7 hornets
  11 tyrant leeches
  16 blink frogs
  A fire giant simulacrum (Depths:2)
  16 slime creatures
  14 jumping spiders
  13 culicivoras
  3 air elementals
  18 humans
  A shadow (D:11)
  5 water elementals
  2 wraiths
  15 wyverns
  A fire elemental (Elf:1)
  4 basilisks
  35 yaks
  A basilisk (shapeshifter) (Elf:2)
  4 golden eyes (Slime:3)
  A warg (shapeshifter) (D:15)
  15 redbacks
  A chaos spawn (Orc:2)
  2 wargs
  A steam dragon (D:7)
  A minotaur simulacrum (Spider:1)
  14 swamp worms
  21 vampire mosquitoes
  3 harpy simulacra (Spider:1)
  11 water moccasins
  5 hell hounds (Lair:5)
  An acid dragon (D:11)
  3 black bears
  28 orc warriors
  3 ice beasts
  2 sky beasts
  4 laughing skulls (D:14)
  9 swamp drakes
  14 wolves
  15 centaurs
  3 ogres
  3 boggarts
  3 kobold brigands
  4 gnoll sergeants
  14 bullfrogs
  3 jellies
  2 deep troll simulacra (Spider:1)
  18 wights
  7 killer bees
  9 howler monkeys
  20 electric eels
  2 bombardier beetles
  5 lava snakes (Lair:5)
  14 hounds
  2 gnoll boudas
  27 orc priests
  2 sleepcaps (D:8)
  Ijyb (D:3)
  5 iguanas
  Natasha (thrice) (D:2)
  24 orc wizards
  32 gnolls
  7 adders
  3 shadow imps
  2 white imps
  2 ufetubi (D:6)
  A ribbon worm (D:2)
  10 dart slugs
  66 orcs
  8 ball pythons
  7 endoplasms
  3 giant cockroaches
  9 goblins
  3 hobgoblins
  4 jackals (D:9)
  2 quokkas
  3 bats
  2 frilled lizards (D:3)
  16 kobolds
  3 rats
1212 creatures vanquished.

Vanquished Creatures (collateral kills)
  A juggernaut (Depths:2)
  A golden dragon (Depths:3)
  Nikola (Spider:3)
  A bone dragon (Vaults:2)
  Arachne (Spider:3)
  2 tentacled monstrosities (Vaults:3)
  A deep elf blademaster (Elf:3)
  3 deep elf master archers (Elf:3)
  3 sphinxes
  11 acid blobs
  Frances (Spider:2)
  A storm dragon (Vaults:1)
  3 frost giants (Depths:1)
  9 rockslimes
  2 azure jellies
  2 ghost moths (Spider:4)
  6 vault wardens
  7 deep elf sorcerers (Elf:3)
  2 emperor scorpions
  4 orc warlords
  7 quicksilver oozes
  14 ironbound preservers
  3 very ugly things (Vaults:3)
  8 formless jellyfish
  3 spriggan defenders
  2 stone giants (Depths:2)
  2 deep elf demonologists (Elf:3)
  9 ironbound thunderhulks
  7 deep elf annihilators
  9 deep elf death magi
  2 spark wasps
  An entropy weaver (Vaults:4)
  An ettin (Depths:2)
  2 fire dragons
  A merfolk javelineer (Depths:2)
  7 deep elf high priests
  4 great orbs of eyes
  5 yaktaur captains
  2 ice dragons
  2 jorogumos
  An ogre mage (Vaults:2)
  A peacekeeper (Vaults:4)
  A salamander tyrant (Depths:2)
  3 vault guards
  8 ironbound frosthearts
  2 spriggan air magi (Depths:2)
  A ghost crab (Spider:2)
  4 radroaches
  4 rakshasas
  17 dancing weapons
  14 centaur warriors
  6 boulder beetles
  4 deep troll shamans
  A tengu warrior (Depths:1)
  A death scarab (Spider:3)
  4 deep troll earth magi
  A demonic crawler (Spider:3)
  2 spriggan berserkers
  A hell knight (Depths:1)
  12 deep elf knights
  2 pharaoh ants
  3 iron trolls
  A flayed ghost (Depths:1)
  A deep troll (shapeshifter) (Vaults:1)
  29 deep trolls
  A sun moth (Spider:3)
  5 orb spiders
  9 lindwurms
  2 arcanists
  5 glowing orange brains
  A glowing orange brain (shapeshifter) (Elf:2)
  A spriggan rider (Depths:2)
  6 ironbound convokers
  3 necromancers
  2 steelbarb worms
  9 orc knights
  A tengu zombie (Vaults:1)
  19 deep elf pyromancers
  14 deep elf archers
  22 deep elf zephyrmancers
  A harpy (Vaults:1)
  7 ugly things
  11 wolf spiders
  4 shining eyes
  A human skeleton (Vaults:1)
  2 moths of wrath
  7 vault sentinels
  2 eyes of devastation
  A torpor snail (Spider:3)
  21 yaktaurs
  3 tengu conjurers (Depths:1)
  A polar bear (shapeshifter) (Elf:3)
  A yaktaur skeleton (Vaults:1)
  6 hornets
  3 tyrant leeches (Spider:2)
  8 tarantellas
  3 glass eyes
  6 air elementals
  12 culicivoras
  18 jumping spiders
  A spriggan (Depths:2)
  60 slime creatures
  4 water elementals
  6 golden eyes
  2 fire elementals
  25 redbacks
  5 vampire mosquitoes (Spider:2)
  2 boggarts (Vaults:2)
  3 centaurs (D:15)
  7 earth elementals
  An electric eel (Spider:4)
611 creatures vanquished.

Vanquished Creatures (others)
  A deep elf high priest (Elf:3)
  A shadow wraith (Vaults:1)
  A deep elf pyromancer (Elf:3)
  An ugly thing (Depths:2)
  A tyrant leech (Spider:2)
  A bloated husk (Swamp:1)
  A redback (Spider:2)
  14 foxfires (Swamp:4)
21 creatures vanquished.

Grand Total: 1844 creatures vanquished

Notes
Turn   | Place    | Note
-------+----------+-------------------------------------------
     0 | D:1      | ragingrage the Mummy Hexslinger began the quest for the
                  | Orb.
     0 | D:1      | Reached XP level 1. HP: 15/15 MP: 2/2
   201 | D:1      | Found a faded altar of an unknown god.
   365 | D:1      | Reached XP level 2. HP: 21/21 MP: 4/4
   368 | D:1      | Learned a level 2 spell: Jinxbite
  1037 | D:2      | Noticed Natasha
  1046 | D:2      | Killed Natasha
  1047 | D:2      | Reached skill level 1 in Stealth
  1047 | D:2      | Reached XP level 3. HP: 8/26 MP: 5/5
  1252 | D:2      | Noticed Natasha
  1264 | D:2      | Killed Natasha
  1265 | D:2      | Reached XP level 4. HP: 4/32 MP: 6/6
  1400 | D:2      | Noticed Natasha
  1410 | D:2      | Killed Natasha
  1567 | D:3      | Noticed Ijyb
  1870 | D:3      | Killed Ijyb
  2026 | D:3      | Reached XP level 5. HP: 37/37 MP: 7/7
  2326 | D:3      | Found an ancient bone altar of Kikubaaqudgha.
  2332 | D:3      | Became a worshipper of Kikubaaqudgha
  2510 | D:3      | Found a stormy altar of Qazlal.
  2510 | D:3      | Noticed a sky beast
  2673 | D:4      | Found an ornate altar of the Wu Jian Council.
  2686 | D:4      | Noticed a phantom
  2710 | D:4      | Learned a level 1 spell: Sandblast
  2869 | D:4      | Reached skill level 1 in Conjurations
  2869 | D:4      | Reached skill level 1 in Earth Magic
  2972 | D:4      | Found a staircase to the Ecumenical Temple.
  3001 | D:4      | Reached XP level 6. HP: 29/43 MP: 8/8
  3205 | D:5      | Entered Level 5 of the Dungeon
  3614 | D:5      | Found Seteb's Elemental Accessories.
  3649 | D:5      | Noticed an ice beast
  3673 | D:5      | Killed an ice beast
  3673 | D:5      | Reached * piety under Kikubaaqudgha
  3673 | D:5      | Received a gift from Kikubaaqudgha
  3674 | D:5      | Reached skill level 1 in Short Blades
  3711 | D:5      | Learned a level 3 spell: Stone Arrow
  3727 | D:5      | Reached XP level 7. HP: 47/48 MP: 9/9
  4551 | D:6      | Reached XP level 8. HP: 54/54 MP: 10/10
  4592 | D:6      | Learned a level 3 spell: Passwall
  4611 | D:6      | Noticed a cyclops
  5408 | D:6      | Reached skill level 5 in Earth Magic
  5412 | D:6      | Found a broken altar of Ashenzari.
  5886 | D:7      | Reached ** piety under Kikubaaqudgha
  6746 | D:8      | Noticed a gargoyle
  7742 | D:7      | Reached XP level 9. HP: 62/62 MP: 14/14
  8609 | D:7      | Found Feruq's Fire Supplies.
  8901 | D:6      | Reached skill level 5 in Conjurations
  9234 | D:6      | Killed a cyclops
  9235 | D:6      | Reached skill level 5 in Fighting
  9235 | D:6      | Reached skill level 5 in Spellcasting
  9414 | D:8      | Killed a gargoyle
  9588 | D:8      | Found Mecryrru's Weapon Boutique.
  9711 | D:8      | Bought a throwing net for 39 gold pieces
  9920 | D:8      | Noticed Maggie
  9923 | D:8      | Reached *** piety under Kikubaaqudgha
  9923 | D:8      | Received a gift from Kikubaaqudgha
  9997 | D:9      | Reached XP level 10. HP: 58/74 MP: 17/17
 10281 | D:9      | Found an opulent altar of Gozag.
 10351 | D:9      | Noticed a two-headed ogre
 10411 | D:9      | Killed a two-headed ogre
 10412 | D:9      | Reached skill level 2 in Necromancy
 10706 | D:9      | Learned a level 5 spell: Borgnjor's Vile Clutch
 10759 | D:9      | Found Usaloax's Weapon Emporium.
 10836 | D:9      | Found a blossoming altar of Fedhas.
 10848 | D:9      | Found Fudexat's Distillery.
 11107 | D:9      | Reached **** piety under Kikubaaqudgha
 11384 | D:9      | Reached skill level 3 in Necromancy
 11702 | D:10     | Entered Level 10 of the Dungeon
 12081 | D:10     | Found a portal to a secret trove of treasure.
 12121 | D:10     | Reached skill level 4 in Necromancy
 12186 | D:10     | Found a staircase to the Lair.
 12585 | D:10     | Noticed Nergalle
 12598 | D:10     | Noticed a gargoyle
 12639 | D:10     | Killed a gargoyle
 12971 | D:10     | Reached ***** piety under Kikubaaqudgha
 12981 | D:10     | Reached skill level 1 in Evocations
 12996 | D:10     | Reached skill level 5 in Necromancy
 12996 | D:10     | Reached XP level 11. HP: 27/84 MP: 2/21
 13613 | D:10     | Reached skill level 5 in Dodging
 13695 | D:10     | Noticed an orc knight
 13703 | D:10     | Killed an orc knight
 13772 | D:10     | Noticed a green ugly thing
 13790 | D:10     | Noticed a two-headed ogre
 13798 | D:10     | Killed a green ugly thing
 14043 | D:10     | Reached skill level 6 in Necromancy
 14289 | D:9      | Killed Nergalle
 14449 | Lair:1   | Entered Level 1 of the Lair of Beasts
 15069 | Lair:1   | Reached skill level 7 in Necromancy
 16270 | Lair:2   | Noticed a four-headed hydra
 16277 | Lair:2   | Killed a four-headed hydra
 16285 | Lair:2   | Reached skill level 1 in Shields
 16349 | Lair:2   | Reached XP level 12. HP: 91/91 MP: 12/22
 16850 | D:10     | Killed a two-headed ogre
 16851 | D:10     | Reached skill level 5 in Short Blades
 17253 | D:9      | Reached skill level 8 in Necromancy
 17611 | D:8      | Killed Maggie
 17857 | D:8      | Identified a scroll of acquirement
 18675 | D:8      | Acquired the ring "Edwyt" {Fly MP+9 Dex+5 Stlth+}
 19180 | D:7      | Found Feruq's Fire Supplies.
 19827 | Lair:2   | Noticed a catoblepas
 19868 | Lair:2   | Killed a catoblepas
 20853 | Lair:3   | Noticed a four-headed hydra
 20864 | Lair:3   | Killed a four-headed hydra
 20906 | Lair:2   | Reached skill level 9 in Necromancy
 21755 | Lair:3   | Found a staircase to the Swamp.
 22207 | Lair:3   | Found a hole to the Spider Nest.
 22420 | Lair:3   | Found a runed translucent door.
 23044 | Lair:4   | Noticed an eight-headed hydra
 23402 | Lair:4   | Killed an eight-headed hydra
 23565 | Lair:3   | Reached skill level 10 in Necromancy
 23805 | Lair:4   | Noticed a five-headed hydra
 23816 | Lair:4   | Killed a five-headed hydra
 24001 | Lair:4   | Gained mutation: You are strongly in touch with the powers
                  | of death. [Mummy growth]
 24001 | Lair:4   | Reached XP level 13. HP: 96/96 MP: 23/23
 24253 | Lair:4   | Identified the +8 sling of Dim Light {heavy, rC+ rN++
                  | Dex+3}
 24500 | Lair:4   | Found a shimmering blue altar of Sif Muna.
 24575 | Lair:4   | Reached ****** piety under Kikubaaqudgha
 25597 | Lair:5   | Entered Level 5 of the Lair of Beasts
 25669 | Lair:5   | Reached skill level 11 in Necromancy
 27723 | Lair:5   | Reached skill level 10 in Dodging
 28175 | Lair:5   | Found a staircase to the Slime Pits.
 29639 | Lair:5   | Identified the +0 ring mail of Grot {Int+3}
 31049 | Lair:5   | Found a large runed translucent door.
 31049 | Lair:5   | Found a large runed translucent door.
 31092 | Lair:5   | Reached XP level 14. HP: 108/108 MP: 14/24
 32249 | D:11     | Received a gift from Kikubaaqudgha (forbidden knowledge)
 32840 | D:11     | You are sucked into a shaft and drop 1 floor!
 32859 | D:11     | Noticed Sonja
 32860 | D:11     | Sonja changed into Sonja the basilisk
 32860 | D:11     | Noticed Sonja
 32864 | D:11     | Killed Sonja the basilisk
 33162 | D:11     | Found a shimmering blue altar of Sif Muna.
 33913 | D:12     | Noticed Urug
 33923 | D:12     | Killed Urug
 34129 | D:12     | Found a staircase to the Orcish Mines.
 34592 | D:12     | Noticed Fannar
 34723 | D:12     | Killed Fannar
 35146 | D:12     | Learned a level 8 spell: Infestation
 36194 | D:12     | Reached skill level 10 in Fighting
 36481 | D:12     | Noticed a stone giant
 36494 | D:12     | Killed a stone giant
 36654 | D:5      | Bought a lightning rod (4/4) for 520 gold pieces
 36930 | D:12     | Reached skill level 5 in Evocations
 38406 | D:13     | Identified the +0 leather armour of the Tanner {rF+ Dex+2
                  | Slay+5}
 39242 | D:13     | Reached skill level 12 in Necromancy
 39591 | D:14     | Found a corrupted altar of Lugonu.
 41128 | D:14     | Reached XP level 15. HP: 115/115 MP: 25/28
 41246 | D:14     | Reached skill level 10 in Spellcasting
 41507 | D:14     | Found a gate to the Vaults.
 41686 | Orc:1    | Entered Level 1 of the Orcish Mines
 41994 | Orc:1    | Found a large runed translucent door.
 41995 | Orc:1    | Found a large runed translucent door.
 41997 | Orc:1    | Noticed Haqetade's ghost (journeyman TrGl)
 42229 | Orc:2    | Entered Level 2 of the Orcish Mines
 42671 | Orc:2    | Found a staircase to the Elven Halls.
 43671 | Orc:2    | Reached skill level 5 in Shields
 43699 | Orc:2    | Found Emiskal's Distillery.
 43701 | Orc:2    | Found Ceuntat's Magic Scroll Shop.
 43955 | Orc:2    | Bought a scroll of acquirement for 728 gold pieces
 43975 | Orc:2    | Reached skill level 5 in Stealth
 44499 | Orc:2    | Reached skill level 13 in Necromancy
 45108 | Orc:2    | Found Fusa Ich's Antique Armour Shoppe.
 45108 | Orc:2    | Found Qimes's Jewellery Emporium.
 45109 | Orc:2    | Found a one-way gate leading to the halls of Pandemonium.
 45111 | Orc:2    | Bought a pair of runed boots for 285 gold pieces
 45296 | D:15     | Entered Level 15 of the Dungeon
 45455 | D:15     | Noticed Agnes
 45664 | D:15     | Found a one-way gate to the infinite horrors of the Abyss.
 45664 | D:15     | Noticed Renyugh's ghost (journeyman MiFi)
 45728 | D:15     | Found a transporter.
 45750 | D:15     | Found a transporter.
 46396 | Swamp:1  | Entered Level 1 of the Swamp
 47118 | Swamp:1  | Identified the +3 quarterstaff "Uropa" {flame, Will+ Int+4
                  | Stlth-}
 47170 | Swamp:1  | Found a runed translucent gate.
 47170 | Swamp:1  | Found a runed translucent gate.
 47170 | Swamp:1  | Found a runed translucent gate.
 47174 | Swamp:1  | Noticed Hufeaj's ghost (journeyman DsEE)
 47856 | Swamp:2  | Reached skill level 14 in Necromancy
 48594 | Swamp:3  | Reached XP level 16. HP: 127/127 MP: 17/30
 49136 | Swamp:4  | Entered Level 4 of the Swamp
 49153 | Swamp:3  | Reached skill level 15 in Necromancy
 49948 | Swamp:4  | Noticed a thorn hunter
 49957 | Swamp:3  | Killed a thorn hunter
 50511 | Swamp:4  | Found a transporter.
 50527 | Swamp:4  | Reached skill level 16 in Necromancy
 50543 | Swamp:4  | Found a transporter.
 50561 | Swamp:4  | Noticed Omeuboge's ghost (journeyman FeDe)
 51130 | Swamp:4  | Noticed a thorn hunter
 51413 | Swamp:4  | Killed a thorn hunter
 51597 | Swamp:4  | Reached skill level 17 in Necromancy
 51650 | Swamp:4  | Noticed a thorn hunter
 51677 | Swamp:4  | Killed a thorn hunter
 52047 | Swamp:4  | Noticed a thorn hunter
 52060 | Swamp:4  | Killed a thorn hunter
 52160 | Swamp:4  | Got a decaying rune of Zot
 52433 | Lair:3   | Learned a level 6 spell: Bombard
 52630 | Elf:1    | Entered Level 1 of the Elven Halls
 53336 | Spider:1 | Entered Level 1 of the Spider Nest
 53962 | Spider:1 | Found a glacial archway.
 54018 | IceCv    | Entered an ice cave
 54548 | IceCv    | Reached skill level 18 in Necromancy
 54701 | IceCv    | Learned a level 4 spell: Animate Dead
 54769 | IceCv    | Reached XP level 17. HP: 133/133 MP: 25/31
 54945 | IceCv    | Identified the +9 ice dragon scales "Torox" {+Inv rF- rC++
                  | Str+3 Dex+4}
 56522 | Spider:2 | Noticed Frances
 56527 | Spider:2 | Killed Frances
 56767 | Spider:2 | Acquired 1135 gold pieces
 56795 | Spider:2 | Learned a level 6 spell: Death Channel
 56807 | Spider:2 | Reached skill level 19 in Necromancy
 57551 | Spider:3 | Noticed Arachne
 57556 | Spider:3 | Killed Arachne
 57557 | Spider:3 | Reached skill level 20 in Necromancy
 57557 | Spider:3 | Noticed Nikola
 57566 | Spider:3 | Killed Nikola
 57647 | Spider:3 | Noticed Asterion
 57657 | Spider:3 | Killed Asterion
 57983 | Spider:3 | Noticed Roxanne
 57994 | Spider:3 | Killed Roxanne
 58070 | Spider:3 | Reached XP level 18. HP: 116/140 MP: 30/34
 58563 | Spider:4 | Entered Level 4 of the Spider Nest
 59145 | Spider:4 | Got a gossamer rune of Zot
 60806 | Elf:1    | Found a stormy altar of Qazlal.
 60807 | Elf:1    | Paralysed by an air elemental for 1 turns
 61043 | Elf:1    | Found Wosis's Assorted Antiques.
 61049 | Elf:1    | Bought an ichor-stained leather armour for 196 gold pieces
 61049 | Elf:1    | Identified the +6 leather armour "Niucemig" {Regen+} (You
                  | bought it in a shop on level 1 of the Elven Halls)
 61831 | Elf:2    | Found a runed translucent gate.
 61831 | Elf:2    | Found a runed translucent gate.
 61831 | Elf:2    | Found a runed translucent gate.
 61850 | Elf:2    | Reached skill level 10 in Earth Magic
 62162 | Elf:2    | Reached XP level 19. HP: 146/146 MP: 24/36
 62198 | Elf:2    | Paralysed by an air elemental for 1 turns
 62202 | Elf:2    | Paralysed by an air elemental for 1 turns
 62296 | Elf:2    | Found Lekicuigg's Book Shoppe.
 63010 | Elf:3    | Entered Level 3 of the Elven Halls
 63162 | Elf:3    | Reached skill level 10 in Conjurations
 63239 | Elf:3    | Identified the +2 hand axe of Sloth {elec, rF+ rN+ Will+
                  | Str-3}
 63248 | Elf:3    | Identified the ring "Izi Morhaa" {Ice Str+4 Dex-3 SInv}
 63249 | Elf:3    | Identified the +5 quarterstaff of the Wraith {venom, rF+
                  | rN+}
 63329 | Elf:3    | Identified the +1 acid dragon scales "Yzidghisy" {^Contam
                  | rCorr Int+8}
 63413 | Elf:3    | Learned a level 2 spell: Blink
 63424 | Elf:3    | Got the Atlas of the Shot
 63434 | Elf:3    | Got Noxzeown's Secrets of Leucotic Blasts
 63894 | Elf:3    | Got the Thoughts on the Plateau
 64092 | Vaults:1 | Entered Level 1 of the Vaults
 64095 | Vaults:1 | Found Zetus's Book Emporium.
 64133 | Vaults:1 | Reached skill level 1 in Translocations
 64714 | Vaults:1 | Reached skill level 10 in Short Blades
 64714 | Vaults:1 | Reached skill level 1 in Armour
 64725 | Vaults:1 | Found Gozag's Antique Armour Emporium.
 64727 | Vaults:1 | Found an opulent altar of Gozag.
 64741 | Vaults:1 | Found Gozag's Antique Weapon Emporium.
 64765 | Vaults:1 | Found Gozag's Antique Weapon Shoppe.
 64778 | Vaults:1 | Reached XP level 20. HP: 91/154 MP: 37/38
 65424 | Vaults:2 | Noticed a bone dragon
 65451 | Vaults:2 | Killed a bone dragon
 65565 | Vaults:2 | Identified the amulet "Siskanym" {Acrobat +Inv rF++ Regen+}
 66243 | Vaults:2 | Identified the staff "Xowashio" {*Slow rC+ rCorr Dex+3 Ice}
 66261 | Vaults:2 | Identified the ring of Tyus {Wiz rPois Slay+3}
 66477 | Vaults:2 | Identified the +1 leather armour of Malam {rF+ SInv}
 66557 | Vaults:2 | Found a staircase to the Crypt.
 67618 | Vaults:3 | Reached skill level 15 in Spellcasting
 68004 | Vaults:3 | Reached XP level 21. HP: 142/160 MP: 4/40
 68239 | Vaults:3 | Found a runed translucent gate.
 68240 | Vaults:3 | Found a runed translucent gate.
 68241 | Vaults:3 | Found a runed translucent gate.
 68819 | Vaults:3 | Found a runed translucent gate.
 68819 | Vaults:3 | Found a runed translucent gate.
 68822 | Vaults:3 | Found a runed translucent gate.
 68822 | Vaults:3 | Noticed Kevimi's ghost (adept FeNe)
 70539 | Vaults:4 | Acquired the ring of Elyvilon's Regard {AC+4 Int+5}
 71415 | Slime:1  | Entered Level 1 of the Pits of Slime
 72201 | Slime:3  | You are sucked into a shaft and drop 1 floor!
 72254 | Slime:4  | Reached XP level 22. HP: 129/168 MP: 21/42
 72814 | Slime:5  | Entered Level 5 of the Pits of Slime
 72895 | Slime:5  | Noticed the Royal Jelly
 72902 | Slime:5  | Killed the Royal Jelly
 73428 | Slime:5  | Got a slimy rune of Zot
 73437 | Slime:5  | Identified the +5 great mace "Qatut" {flame, rF+ Int+3
                  | Stlth+}
 73449 | Slime:5  | Identified the ring of Rumpaeh {rElec rC+ Str+8}
 73468 | Slime:5  | Identified the amulet of Lesser Demons {Will+ Regen+ Int-3
                  | Slay+4}
 73472 | Slime:5  | Identified the ring "Peviram" {rPois rC+ Str+2}
 73522 | Slime:5  | Identified the ring of Surprise {Fly rC+ rN+ Int+3}
 73531 | Slime:5  | Identified the +0 plate armour of the Carpenter {+Inv rCorr
                  | Int+3}
 73539 | Slime:5  | Got Sif Muna's Vellum of Topological Incandescence
 73543 | Slime:5  | Identified the +5 chain mail of the Sky {Will- Str+2 Dex+6}
 74055 | D:15     | Killed Agnes
 74059 | D:15     | Reached skill level 5 in Armour
 74195 | D:15     | Found a staircase to the Depths.
 74250 | Depths:1 | Entered Level 1 of the Depths
 75027 | Depths:1 | Found a one-way gateway to a ziggurat.
 75170 | Depths:1 | Found Omus's Jewellery Boutique.
 75170 | Depths:1 | Found Xacaduuro's Book Emporium.
 75171 | Depths:1 | Found Lebludyu's Jewellery Boutique.
 75248 | Depths:1 | Bought the ring of the Mage {Wiz Archmagi} for 714 gold
                  | pieces
 75248 | Depths:1 | Found the ring of the Mage {Wiz Archmagi}
 75258 | Depths:1 | Learned a level 7 spell: Spellforged Servitor
 75295 | Depths:1 | Paralysed by an air elemental for 1 turns
 75302 | Depths:1 | Reached skill level 1 in Summonings
 75425 | Depths:1 | Found a gateway to Hell.
 75942 | Depths:2 | Found Innec's Antique Weapon Shop.
 76188 | Depths:2 | Found Irigh's Antique Weapon Emporium.
 76259 | Depths:2 | Identified the staff of the Bursted God {rPois Int+2
                  | Alchemy}
 76321 | Depths:2 | Reached XP level 23. HP: 99/179 MP: 1/44
 76430 | Depths:2 | Found a flickering gateway to a bazaar.
 76456 | Depths:2 | Noticed a juggernaut
 76485 | Depths:2 | Killed a juggernaut
 76502 | Bazaar   | Entered a bazaar
 76513 | Bazaar   | Found Uprur's Armour Shop.
 76652 | Bazaar   | Bought the +1 robe of Vines {NoPotionHeal Regen++++} for
                  | 640 gold pieces
 76652 | Bazaar   | Found the +1 robe of Vines {NoPotionHeal Regen++++}
 76674 | Bazaar   | Found Atzaw's Assorted Antiques.
 76706 | Bazaar   | Found Gota's Antique Weapon Shop.
 76706 | Bazaar   | Found Ymisomi's Magic Scroll Boutique.
 76718 | Bazaar   | Bought a scroll of teleportation for 42 gold pieces
 76718 | Bazaar   | Bought a scroll of enchant weapon for 105 gold pieces
 76718 | Bazaar   | Bought a scroll of blinking for 105 gold pieces
 76718 | Bazaar   | Bought a scroll of enchant armour for 105 gold pieces
 76718 | Bazaar   | Bought 2 scrolls of teleportation for 84 gold pieces
 76741 | Bazaar   | Bought a wand of iceblast (5) for 288 gold pieces
 76741 | Bazaar   | Bought a wand of iceblast (4) for 230 gold pieces
 77173 | Depths:2 | Found Foxaydev's Magic Scroll Shop.
 77191 | Depths:2 | Found a sacrificial altar of Ru.
 77218 | Depths:2 | Got the Quarto of Sympathetic Places
 77677 | Depths:3 | Reached skill level 15 in Fighting
 77677 | Depths:3 | Reached skill level 5 in Summonings
 77856 | Depths:3 | Noticed a caustic shrike
 77870 | Depths:3 | Killed from afar by a storm dragon

Illustrated notes

Levels and vault maps discovered:
D:1:      dpeg_arrival_leaves_temple_mockup, layout_basic,
          basic_ecumenical_altar
D:2:      layout_loops_ring, uniq_natasha
D:3:      layout_rooms, mainiacjoe_overflow_swirl, lemuel_crystal_altar,
          nicolae_qazlal_beasts_of_the_sky, uniq_ijyb
D:4:      layout_cave_pools, nicolae_wu_jian_wuxing_cycle,
          mainiacjoe_overflow_small_starburst, temple_pool_b
D:5:      layout_loops_corners, nicolae_elemental_shop,
          kennysheep_generic_room_11
D:6:      layout_loops_ring, evilmike_ruin_ashenzari, serial_rivers,
          chequers_serial_rivers_micro_d, chequers_serial_rivers_micro_b,
          chequers_serial_rivers_room_a, chequers_serial_rivers_micro_d,
          chequers_serial_rivers_small_3, minmay_three_doors
D:7:      kennysheep_slugbush, layout_rooms, nicolae_shop_fire_sale
          [nicolae_sub_dead_trees], kennysheep_pointless_box, water_boxes_lemuel
D:8:      layout_basic, serial_shops, nicolae_shop_getting_attention,
          grunt_potential, uniq_maggie
D:9:      layout_cave_pools, mainiacjoe_overflow_24_doors, kennysheep_mini_moat,
          serial_gnoll_camp, gnoll_camp_mini_shop, gnoll_camp_mini_doghouse,
          gnoll_camp_mini_sergeant, gnoll_camp_mini_shop,
          gnoll_camp_mini_doghouse, minmay_diced_spiral
D:10:     minmay_chambers_of_sevens, layout_irregular_city, erik_lair_island,
          nicolae_trove_entry_crossroad, uniq_nergalle
D:11:     layout_irregular_city, serial_bayou, serial_bayou_lagoon_b,
          serial_bayou_ford_a, serial_bayou_pond_b, serial_bayou_pond_d,
          nicolae_sif_muna_condensation, uniq_sonja
D:12:     minmay_octo_star, layout_irregular_city, orc_0_dummy, uniq_fannar,
          uniq_urug
D:13:     layout_loops_ring
D:14:     kennysheep_kobold_lugonu_temple, layout_rooms,
          grunt_vaults_entry_tiered
D:15:     grunt_enter_depths_hoard, layout_basic,
          gammafunk_ghost_abyssal_escape, uniq_agnes
Lair:1:   layout_cave_pods, serial_rivers, chequers_serial_rivers_micro_a,
          chequers_serial_rivers_room_a, chequers_serial_rivers_small_a,
          chequers_serial_rivers_marsh, chequers_serial_rivers_micro_c,
          grunt_forest_large_clearings
Lair:2:   layout_long_grid
Lair:3:   layout_big_grid, minmay_swamp_entry_worms,
          hellmonk_spider_entry_life_and_decay, pdpol_lair_cabin_in_the_woods
Lair:4:   layout_cave_pods, basic_altar
Lair:5:   cheibrodos_lair_end_hotspot, layout_cave_pods,
          minmay_slime_entry_oklob_enclosed
Swamp:1:  layout_basic_swamp, gammafunk_ghost_hydra_chop,
          nicolae_swamp_bean_lake
Swamp:2:  layout_basic_swamp, evilmike_swamp_ruin_house_1,
          grunt_lady_of_the_lake, infiniplex_staircase_pool
Swamp:3:  layout_falls_marsh, hangedman_swamp_cone
Swamp:4:  swamp, layout_basic_swamp, gammafunk_ghost_mausoleum, swamp_pool_5,
          nicolae_swamp_stuck_in_the_mud
Spider:1: layout_spider_delve, portal_ice_cave_entry_ice_simulacra
Spider:2: layout_spider_delve, nicolae_spider_swamp_cousins,
          hangedman_spider_tarantella_strand, uniq_frances
Spider:3: layout_spider_delve, nicolae_spider_rock_and_or_roll, uniq_arachne,
          uniq_nikola, uniq_asterion, uniq_roxanne
Spider:4: spider_rune_water
Slime:1:  layout_caves, nicolae_slime_ancient_tower_intersection
Slime:2:  layout_caves
Slime:3:  layout_caves
Slime:4:  layout_caves
Slime:5:  slime_pit
Orc:1:    layout_caves, ebering_ghost_disaster_area
Orc:2:    pf_orc_diabolical, layout_caves
Elf:1:    minmay_elf_arrival_plus, layout_onion_city,
          portal_desolation_entry_nicolae_slug, serial_shops, shop,
          nicolae_elf_altarnating
Elf:2:    elven_hall_of_blades_hangedman_original [nicolae_blade_lattice],
          layout_loops_corners, serial_shops, nicolae_shop_tiny_real_fake_doors
Elf:3:    minmay_elf_hall_quartered_circle, layout_onion_city
Vaults:1: nicolae_vaults_network_square, ontoclasm_vaults_misaligned,
          nicolae_vaults_house_1, nicolae_vaults_hallways_thing,
          nicolae_vaults_trapezoid_4, hangedman_vaults_river_flow, v_pattern_2,
          nicolae_vaults_little_squares_6, kennysheep_vaults_gozag_temple,
          nicolae_vaults_closet_pinwheel_1, vaults_dpeg_hooks,
          layout_vaults_omnibox, serial_shops, nicolae_shop_behind_doors
Vaults:2: v_misc_27, minmay_crypt_entry_nasty_monster, vaults_room_hallway,
          vaults_room_door_ring, dpeg_vaults_monster_row,
          nicolae_vaults_frosty_reception, hangedman_vaults_capsules, v_rooms_1,
          vaults_dpeg_emergency_exit, nicolae_vaults_storing_the_good_stuff,
          vaults_mumra_hexcomb, nicolae_vaults_trapezoid_4,
          layout_vaults_omnigrid
Vaults:3: ploomutoo_gammafunk_ghost_potion_laboratory, vaults_dpeg_encased_lava,
          nicolae_vaults_heart-shaped_vault, nicolae_vaults_mitosis,
          vaults_room_pool, vaults_room_large_hall, grunt_vaults_twisty,
          hangedman_vaults_impose, v_misc_23, v_rooms_5, v_misc_14,
          ontoclasm_vaults_chip, ontoclasm_vaults_ligature,
          nicolae_vaults_two_Ls, nicolae_vaults_trapezoid_layered,
          nicolae_vaults_little_squares_3, layout_vaults_maze_bifur
Vaults:4: vaults_room_ringed_pool, v_misc_33, nicolae_vaults_border_crossing,
          nicolae_vaults_trapezoid_lopsided_3, vaults_dpeg_diagonal,
          nicolae_vaults_closet_pinwheel_1, v_rooms_4, grunt_vaults_trifunnel,
          v_alt_pattern_3, nicolae_vaults_weapon_check, v_alt_pattern_3,
          ontoclasm_vaults_twist, layout_vaults_ring
Depths:1: layout_cave_shapes, enter_ziggurat_f, serial_glass, glass_columns_a,
          glass_columns_c, item_on_display_a, feat_on_display,
          minmay_strange_pillars, hell_entry, tso_metal_star,
          minmay_splitting_lines, dreamdust_looks_like_rain, minmay_shop_grove
Depths:2: minmay_the_grid_triangle_9x9_line_8_mashed
          [minmay_the_grid_triangle_9x9_checkered,
          minmay_the_grid_triangle_9x9_flanged_cone,
          minmay_the_grid_triangle_9x9_corrupted_corridor,
          minmay_the_grid_triangle_9x9_skeleton,
          minmay_the_grid_triangle_9x9_limited_checkers,
          minmay_the_grid_triangle_9x9_cache,
          minmay_the_grid_triangle_9x9_longest,
          minmay_the_grid_triangle_9x9_prize_insulated], layout_basic,
          chequers_serial_rivers_micro_c, pan_entry, serial_shops,
          bzr_entry_dummy, nicolae_take_the_stairs,
          nicolae_shop_tiny_statue_garden, nicolae_shop_trees,
          grunt_mini_vestibule, abyss_entry, small_chamber_with_monster,
          nicolae_ru_the_path_less_chosen, serial_bayou_shore_b,
          infiniplex_staircase_pool_2
Depths:3: minmay_crescents, layout_honeycomb, rand_demon_pan_entry_5,
          abyss_entry_crystal, grunt_decor_arrowhead, hell_entry,
          minmay_liquid_box

Skill      XL: |  1  2  3  4  5  6  7  8  9 10 11 12 13 14 15 16 17 18 19 20 21 22 23 |
---------------+----------------------------------------------------------------------+-----
Ranged Weapons | 2 3 |  3.0
Hexes          | 3 |  3.8
Stealth        | 1 2 3 5 |  5.0
Conjurations   | 1 2 3 4 5 6 9 10 11 | 11.0
Earth Magic    | 1 2 4 5 6 7 10 11 13 | 13.0
Short Blades   | 1 2 4 5 6 10 14 | 14.0
Spellcasting   | 3 5 7 9 10 12 13 14 15 16 17 | 17.0
Fighting       | 2 5 7 9 10 12 14 15 | 15.0
Dodging        | 3 4 6 8 10 11 12 | 12.0
Necromancy     | 5 7 10 11 12 14 18 20 | 20.0
Evocations     | 1 4 5 6 8 9 |  9.2
Shields        | 1 4 5 |  5.1
Translocations | 2 |  2.0
Armour         | 1 3 6 7 |  7.2
Summonings     | 3 5 |  5.3
Fire Magic     | |  0.8

Action                     |  1- 3 |  4- 6 |  7- 9 | 10-12 | 13-15 | 16-18 | 19-21 | 22-24 || total
---------------------------+-------+-------+-------+-------+-------+-------+-------+-------++-------
  Melee: Dagger            |       |    20 |   141 |   304 |   316 |   157 |   106 |       ||  1044
         Quick blade       |       |       |       |       |       |       |   409 |   701 ||  1110
   Fire: Sling             |    60 |   129 |   166 |    20 |       |       |       |       ||   375
         Orcbow            |       |       |     7 |       |       |       |       |       ||     7
  Throw: Throwing net      |       |       |     1 |     2 |     1 |       |       |       ||     4
         Dart              |       |       |       |     1 |     6 |       |     2 |       ||     9
   Cast: Jinxbite          |    12 |    40 |    54 |    25 |     2 |       |       |       ||   133
         Stone Arrow       |       |       |    48 |   432 |   888 |   505 |    37 |       ||  1910
         Borgnjor's Vile C |       |       |       |    57 |   235 |   164 |    66 |    17 ||   539
         Passwall          |       |       |       |       |     1 |       |       |       ||     1
         Bombard           |       |       |       |       |       |     2 |    59 |    55 ||   116
         Infestation       |       |       |       |       |       |    61 |    77 |    43 ||   181
         Death Channel     |       |       |       |       |       |    26 |    39 |    26 ||    91
 Invoke: Receive Forbidden |       |       |       |       |     1 |       |       |       ||     1
         Unearth Wretches  |       |       |       |       |       |       |     1 |     1 ||     2
         Torment           |       |       |       |       |       |       |       |     1 ||     1
  Evoke: Wand              |       |       |     9 |     8 |     5 |    20 |    12 |    12 ||    66
         Lightning rod     |       |       |       |       |     4 |    15 |     4 |       ||    23
         Condenser vane    |       |       |       |       |       |       |     1 |     1 ||     2
         Phantom mirror    |       |       |       |       |       |       |     1 |     1 ||     2
    Use: Scroll            |       |       |     3 |    15 |     2 |     9 |    13 |     4 ||    46
   Stab: Paralysed         |       |       |     5 |     6 |       |     1 |     1 |       ||    13
         Held in net/web   |       |       |       |     1 |     1 |       |       |       ||     2
         Sleeping          |       |       |       |       |     4 |     9 |     9 |     1 ||    23
         Distracted        |       |       |       |       |       |     4 |     4 |    10 ||    18
 Armour: Robe              |    20 |    41 |   128 |    66 |   369 |   464 |       |       ||  1088
         Ring mail         |       |       |    47 |    67 |       |       |       |       ||   114
         Troll leather arm |       |       |       |   180 |       |       |       |       ||   180
         Leather armour    |       |       |       |       |    62 |    22 |   230 |       ||   314
         Acid dragon scale |       |       |       |       |       |       |    22 |   300 ||   322
  Dodge: Dodged            |    31 |    61 |   164 |   368 |   525 |   536 |   263 |   310 ||  2258
  Block: Buckler           |       |       |       |    63 |   272 |   265 |   137 |   137 ||   874

Table legend: (Time is in decaauts)
 A = Elapsed time spent in this place.
 B = Non-inter-level travel time spent in this place.
 C = Inter-level travel time spent in this place.
 D = Time resting spent in this place.
 E = Time spent auto-exploring this place.
 F = Levels seen in this place.
 G = Mean time per level.
                   A        B        C        D        E       F      G
               +--------+--------+--------+--------+--------+-----+--------+
         Total |  77687 |  72615 |   5072 |  25164 |  33022 |  47 | 1652.9 |
       Dungeon |  29782 |  27609 |   2173 |  10819 |  12718 |  15 | 1985.5 |
          Lair |  15771 |  14309 |   1462 |   6157 |   6265 |   5 | 3154.2 |
         Swamp |   5847 |   5711 |    136 |   2918 |   1829 |   4 | 1461.8 |
   Spider Nest |   4303 |   4130 |    173 |    702 |   2009 |   4 | 1075.8 |
    Slime Pits |   2346 |   2166 |    180 |    321 |   1055 |   5 |  469.2 |
  Orcish Mines |   4568 |   4401 |    167 |   2501 |   1122 |   2 | 2284.0 |
   Elven Halls |   3810 |   3620 |    190 |    540 |   2024 |   3 | 1270.0 |
        Vaults |   6971 |   6435 |    536 |    612 |   3874 |   4 | 1742.8 |
        Depths |   2690 |   2639 |     51 |     57 |   1515 |   3 |  896.7 |
        Bazaar |    247 |    247 |      0 |     12 |    206 |   1 |  247.0 |
      Ice Cave |   1348 |   1348 |      0 |    525 |    404 |   1 | 1348.0 |
               +--------+--------+--------+--------+--------+-----+--------+

Top non-repeatable levels by time:
  Lair:5: 5518 daAuts
  Lair:3: 3474 daAuts
   Orc:2: 3424 daAuts
    D:12: 3267 daAuts
    D:10: 2872 daAuts
     D:7: 2863 daAuts
     D:9: 2817 daAuts
  Lair:4: 2702 daAuts
    D:14: 2574 daAuts
     D:8: 2538 daAuts
     D:6: 2394 daAuts
Vaults:2: 2191 daAuts
  Lair:2: 2174 daAuts
    D:11: 2096 daAuts
    D:13: 1954 daAuts
